[Event "Titled Tuesday Blitz June 21 Early 2022"]
[White "Abdi, Farzad"]
[Black "Gormally, Daniel W"]
[WhiteFideId "2076829"]
[BlackFideId "406465"]
[WhiteElo "2269"]
[BlackElo "2543"]
[Result "0-1"]
[Round "05"]
[TimeControl "180+1"]
[Date "2022.06.22"]
[WhiteClock "0:00:15"]
[BlackClock "0:00:37"]

1. e4 c5 2. Nf3 d6 3. d4 cxd4 4. Nxd4 Nf6 5. Nc3 a6 6. Bc4 e6 7. Bb3 Be7 8. Bg5 Qc7 9. f4 b5 10. g4 b4 11. Bxf6 Bxf6 12. Nce2 Bh4+ 13. Ng3 Nd7 14. Qe2 Nc5 15. O-O-O O-O 16. Kb1 Bd7 17. Nf3 Be7 18. h4 a5 19. h5 a4 20. Bc4 b3 21. cxb3 axb3 22. a3 Rfc8 23. Rc1 Qb6 24. h6 g6 25. f5 Na4 26. Rhd1 d5 27. fxe6 Rxc4 28. Rxc4 dxc4 29. Rxd7 Qxe6 30. Rxe7 Qxe7 31. Qxc4 Qd6 32. Qd4 Qxd4 33. Nxd4 Nc5 34. Nf3 Rd8 35. Kc1 Rd3 0-1


[Site "https://www.chess.com"]

[Event "Titled Tuesday Blitz June 21 Early 2022"]
[White "Adewumi, Tanitoluwa"]
[Black "Flynn, Jacob"]
[WhiteFideId "30966396"]
[BlackFideId "2509393"]
[WhiteElo "2545"]
[BlackElo "1896"]
[Result "0-1"]
[Round "05"]
[TimeControl "180+1"]
[Date "2022.06.22"]
[WhiteClock "0:00:03"]
[BlackClock "0:00:03"]

1. e4 e5 2. Nf3 Nc6 3. Bc4 Nf6 4. d3 Bc5 5. O-O d6 6. h3 a6 7. Re1 Ba7 8. a4 h6 9. c3 g5 10. Nh2 Rg8 11. g4 Qe7 12. Be3 h5 13. Bxa7 Nxa7 14. Nd2 Nc6 15. Ndf1 hxg4 16. hxg4 Be6 17. b4 Nd8 18. Ng3 Bxc4 19. dxc4 Ne6 20. Nf5 Qd7 21. Nf1 O-O-O 22. b5 a5 23. b6 cxb6 24. N1e3 Kb8 25. Rb1 Qc7 26. Rb5 Nxe4 27. Nd5 Qxc4 28. Nxb6 Qc6 29. Ne7 Qxc3 30. Rxe4 Rh8 31. Nbd5 Qh3 32. Rxb7+ Ka8 33. Rb8+ Rxb8 34. f3 Qh1+ 35. Kf2 Rb2+ 36. Qe2 Rh2+ 37. Ke3 Rhxe2+ 38. Kd3 Rxe4 39. fxe4 Qd1+ 40. Kc3 Qc2# 0-1


[Site "https://www.chess.com"]

[Event "Titled Tuesday Blitz June 21 Early 2022"]
[White "Agasarov, Benik"]
[Black "Srbis, Jurica"]
[WhiteFideId "13314823"]
[BlackFideId "14515555"]
[WhiteElo "2644"]
[BlackElo "2519"]
[Result "1-0"]
[Round "05"]
[TimeControl "180+1"]
[Date "2022.06.22"]
[WhiteClock "0:00:09"]
[BlackClock "0:00:07"]

1. d4 Nf6 2. c4 e6 3. Nc3 Bb4 4. Qc2 d5 5. a3 Bxc3+ 6. Qxc3 dxc4 7. Qxc4 b6 8. Bg5 O-O 9. Nf3 Ba6 10. Qa4 Qd7 11. Qxd7 Nbxd7 12. Rc1 c5 13. Bxf6 gxf6 14. e3 Bxf1 15. Rxf1 cxd4 16. Nxd4 Rfc8 17. Ke2 Kf8 18. Nb5 Rc5 19. Rxc5 bxc5 20. Rc1 Rb8 21. Nxa7 Rxb2+ 22. Kf1 Rb7 23. Nc6 Rb3 24. Rd1 Nb6 25. Rc1 Na4 26. Na5 Rxa3 27. Nb7 c4 28. Rxc4 Ra1+ 29. Ke2 Ra2+ 30. Kf3 Nb6 31. Rh4 Kg7 32. Nd6 Nd5 33. Rg4+ Kf8 34. Rh4 Kg7 35. Rg4+ Kf8 36. Rh4 Ra6 37. Ne4 Kg7 38. Rg4+ Kf8 39. Rh4 f5 40. Ng5 f6 41. Nh3 Kg7 42. Nf4 Ne7 43. Nh5+ Kf7 44. Nf4 Kg8 45. Nh5 Ng6 46. Rb4 Ne5+ 47. Kg3 Kf7 48. Rb7+ Kg6 49. Kh4 Ra4+ 50. Nf4+ Kh6 51. Kg3 Ra6 52. Re7 Ng6 53. Rxe6 Rxe6 54. Nxe6 Ne5 55. Nd4 Kg6 56. h4 h5 57. Ne2 Nc4 58. Nf4+ Kh6 59. Nd5 Nd6 60. Nxf6 Kg6 61. Nd5 Ne4+ 62. Kf3 Nd2+ 63. Ke2 Ne4 64. Nf4+ Kh6 65. g3 Nf6 66. Ne6 Kg6 67. Kf3 Ne4 68. Nd4 Kf6 69. Kg2 Kg6 70. f3 Nf6 71. Ne2 Kh6 72. Nf4 Nd7 73. Kf2 Ne5 74. Ke2 Nf7 75. Nd5 Ne5 76. Ne7 Kg7 77. Nxf5+ Kf6 78. Nd4 Nc4 79. e4 Ne5 80. Nc2 Nc4 81. Ne3 Ne5 82. Nd5+ Kg6 83. Nf4+ Kh6 84. Ne6 Nc4 85. f4 Nd6 86. e5 Nf5 87. Kf2 Kg6 88. Ng5 Ne7 89. Ne4 Kf5 90. Nd6+ Kg4 91. Kg2 Nd5 92. Nc4 Kf5 93. Kf3 Ne7 94. Nd6+ Ke6 95. Ke4 Nc6 96. f5+ Ke7 97. Nc4 Kf7 98. Ne3 Nb4 99. e6+ Kf6 100. Nd5+ 1-0


[Site "https://www.chess.com"]

[Event "Titled Tuesday Blitz June 21 Early 2022"]
[White "Aldokhin, Ivan"]
[Black "Petrovic, Aleksa"]
[WhiteFideId "24115720"]
[BlackFideId "967629"]
[WhiteElo "2231"]
[BlackElo "2117"]
[Result "1-0"]
[Round "05"]
[TimeControl "180+1"]
[Date "2022.06.22"]
[WhiteClock "0:00:12"]
[BlackClock "0:00:01"]

1. d4 Nf6 2. c4 e6 3. Nc3 Bb4 4. e3 c5 5. Ne2 b6 6. a3 Ba5 7. Rb1 Na6 8. d5 Bb7 9. Nf4 Ne4 10. Qc2 Nxc3 11. bxc3 Qf6 12. Bd2 g6 13. Be2 Nc7 14. e4 e5 15. Nd3 Ba6 16. Qa4 Qh4 17. Nxe5 Rd8 18. O-O Qxe4 19. Bd3 Qh4 20. Nf3 Qh5 21. Bg5 O-O 22. Bxd8 Rxd8 23. Rfe1 Bxc3 24. Re7 Bf6 25. Rxd7 Rxd7 26. Qxd7 Qh6 27. Qxc7 1-0


[Site "https://www.chess.com"]

[Event "Titled Tuesday Blitz June 21 Early 2022"]
[White "Alinasab, Mobina"]
[Black "Dushyant Sharma"]
[WhiteFideId "12528897"]
[BlackFideId "25065130"]
[WhiteElo "2031"]
[BlackElo "2105"]
[Result "1-0"]
[Round "05"]
[TimeControl "180+1"]
[Date "2022.06.22"]
[WhiteClock "0:00:05"]
[BlackClock "0:00:04"]

1. Nf3 d5 2. g3 e6 3. Bg2 Nf6 4. O-O Be7 5. d4 O-O 6. b3 c5 7. Bb2 Nc6 8. dxc5 Bxc5 9. Ne5 Bd6 10. Nxc6 bxc6 11. c4 Bb7 12. cxd5 cxd5 13. Nc3 Rc8 14. Rc1 Qe7 15. Nb5 Bb8 16. Ba3 Qd7 17. Bxf8 Rxf8 18. Nc3 a6 19. Na4 Qe7 20. Nc5 Bc8 21. Qd3 Bd6 22. b4 Nd7 23. Nxa6 Bxa6 24. Qxa6 Bxb4 25. Rc7 Qd8 26. Qc6 Ne5 27. Qb7 Bd6 28. Rc2 Qa5 29. Rc8 g6 30. Rxf8+ Kxf8 31. Rc1 Nc4 32. e4 Qd2 33. Qb1 Bc5 34. exd5 Bxf2+ 35. Kh1 exd5 36. Rd1 Qe2 37. Qd3 Qe7 38. Qxd5 Ne3 39. Qd8+ Qxd8 40. Rxd8+ Ke7 41. Rd2 Nxg2 42. Kxg2 Bc5 43. Kf3 Ke6 44. a4 Ke5 45. Rb2 Kd4 46. a5 f5 47. a6 1-0


[Site "https://www.chess.com"]

[Event "Titled Tuesday Blitz June 21 Early 2022"]
[White "Al-Tarboush, Ward"]
[Black "Rodchenkov, Sergey D."]
[WhiteFideId "7601450"]
[BlackFideId "4168712"]
[WhiteElo "2249"]
[BlackElo "2293"]
[Result "0-1"]
[Round "05"]
[TimeControl "180+1"]
[Date "2022.06.22"]
[WhiteClock "0:00:03"]
[BlackClock "0:00:08"]

1. e4 c5 2. Nf3 d6 3. d4 cxd4 4. Nxd4 Nf6 5. Nc3 a6 6. h3 e5 7. Nde2 h5 8. Bg5 Be6 9. g3 Nbd7 10. a4 Be7 11. Bg2 O-O 12. O-O Rb8 13. a5 b6 14. axb6 Qxb6 15. Qd2 Rfc8 16. b3 Qb7 17. f4 Nc5 18. f5 Ncxe4 19. Nxe4 Nxe4 20. Bxe4 Qxe4 21. fxe6 Rxc2 22. exf7+ Kh8 23. Nc3 Qg6 24. Qe3 Rxc3 25. Qxc3 Qxg5 26. Qf3 Bf8 27. g4 h4 28. Qf5 Qe3+ 29. Rf2 Rxb3 30. Qh5+ Qh6 31. Qxh6+ gxh6 32. Rxa6 Kg7 33. Kh2 e4 34. Raa2 d5 35. Rae2 Bd6+ 36. Kg2 Rg3+ 37. Kf1 Rxh3 38. Rf5 Rh1+ 39. Kf2 Rh2+ 40. Kf1 Rh1+ 41. Kf2 Rh2+ 42. Ke3 d4+ 43. Kd2 e3+ 44. Kd3 Rxe2 45. Kxe2 h3 46. Rh5 h2 47. Kd3 Kxf7 48. Rxh6 Bf4 49. Rh3 Kg6 50. Ke2 Kg5 51. Kf3 d3 52. Rh5+ Kg6 53. Rh3 d2 54. Ke2 Kg5 55. Rh8 Kxg4 56. Rg8+ Bg5 57. Rh8 Bh4 58. Rg8+ Kh3 0-1


[Site "https://www.chess.com"]

[Event "Titled Tuesday Blitz June 21 Early 2022"]
[White "Andreikin, Dmitry"]
[Black "Yilmaz, Mustafa"]
[WhiteFideId "4158814"]
[BlackFideId "6302718"]
[WhiteElo "2736"]
[BlackElo "2568"]
[Result "1-0"]
[Round "05"]
[TimeControl "180+1"]
[Date "2022.06.21"]
[WhiteClock "0:00:44"]
[BlackClock "0:00:04"]

1. d4 Nf6 2. c4 e6 3. Nf3 d5 4. Bg5 Bb4+ 5. Nbd2 dxc4 6. e4 h6 7. Bxf6 Qxf6 8. Bxc4 Nc6 9. O-O O-O 10. a3 Bxd2 11. Qxd2 Rd8 12. e5 Qe7 13. Qf4 b6 14. Rac1 Bb7 15. Bd3 Nxd4 16. Nxd4 Qg5 17. Qxg5 hxg5 18. Rfd1 Rxd4 19. Bh7+ Kxh7 20. Rxd4 c5 21. Rd7 Bd5 22. Rxf7 Kg6 23. Rd7 a5 24. f3 a4 25. Rd6 Rb8 26. h3 Kf5 27. Re1 b5 28. Rd7 Kg6 29. Rc1 b4 30. Rxc5 bxa3 31. bxa3 Rb3 32. g4 Re3 33. Rcc7 Rxe5 34. Rxg7+ Kh6 35. Kf2 Bb3 36. Rgd7 Bd5 37. Rc5 Kg6 38. Rdc7 Kf6 39. Ra7 Bb3 40. Rf7+ 1-0


[Site "https://www.chess.com"]

[Event "Titled Tuesday Blitz June 21 Early 2022"]
[White "Arabidze, Meri"]
[Black "Sethuraman, S.P."]
[WhiteFideId "13604040"]
[BlackFideId "5021596"]
[WhiteElo "2335"]
[BlackElo "2473"]
[Result "1-0"]
[Round "05"]
[TimeControl "180+1"]
[Date "2022.06.22"]
[WhiteClock "0:00:08"]
[BlackClock "0:00:02"]

1. Nf3 g6 2. g3 Bg7 3. Bg2 f5 4. O-O Nf6 5. d4 O-O 6. Nbd2 d6 7. Re1 Ne4 8. c4 c6 9. Qc2 d5 10. Ne5 Nd7 11. Ndf3 e6 12. b3 Nxe5 13. Nxe5 Bd7 14. Ba3 Re8 15. Bb2 Rf8 16. b4 Be8 17. e3 a5 18. a3 g5 19. c5 g4 20. Bc3 a4 21. Rf1 h5 22. f3 gxf3 23. Bxf3 Qg5 24. Rae1 h4 25. Bxe4 dxe4 26. Qg2 Bxe5 27. dxe5 Bh5 28. gxh4 Qxg2+ 29. Kxg2 Rad8 30. Bd4 Kf7 31. Kf2 Rh8 32. Rg1 Bg4 33. Rg3 Rxh4 34. h3 Bxh3 35. Rh1 Rdh8 36. Rgg1 Bg4 37. Rxh4 Rxh4 38. b5 Rh2+ 39. Kg3 Rh3+ 40. Kf2 Rf3+ 41. Kg2 Bh3+ 42. Kh2 Bg4 43. bxc6 bxc6 44. Rb1 Rf2+ 45. Kg3 Ra2 46. Rb6 Rxa3 47. Rxc6 Be2 48. Rc7+ Ke8 49. c6 Bb5 50. Rc8+ Kf7 51. c7 Bd7 52. Rd8 Ke7 53. Bc5+ 1-0


[Site "https://www.chess.com"]

[Event "Titled Tuesday Blitz June 21 Early 2022"]
[White "Arpita, Mukherjee"]
[Black "Gubajdullin, Alexei"]
[WhiteFideId "5056403"]
[BlackFideId "4141202"]
[WhiteElo "1934"]
[BlackElo "2280"]
[Result "1/2-1/2"]
[Round "05"]
[TimeControl "180+1"]
[Date "2022.06.22"]
[WhiteClock "0:00:14"]
[BlackClock "0:00:19"]

1. e4 g6 2. d4 Bg7 3. Nc3 d6 4. Be3 a6 5. Qd2 b5 6. Nf3 Nd7 7. Bd3 Bb7 8. Ne2 c5 9. c3 Ngf6 10. Ng3 O-O 11. Bh6 cxd4 12. cxd4 e5 13. O-O exd4 14. Bxg7 Kxg7 15. Nxd4 Nc5 16. Rfe1 Re8 17. f3 Qb6 18. Kh1 Ne6 19. Ndf5+ gxf5 20. Nxf5+ Kh8 21. Qh6 Ng8 22. Qh5 Ng7 23. Qxf7 Nxf5 24. exf5 Rxe1+ 25. Rxe1 Qd4 26. Qxb7 Rf8 27. Be4 Nf6 28. b3 Qf2 29. Rg1 Rg8 30. Qe7 Qd4 31. Bb1 Re8 32. Qb7 Qc3 33. Qf7 Re1 34. h3 Ng8 35. Be4 Rxg1+ 36. Kxg1 Qc1+ 37. Kf2 Qd2+ 38. Kg3 Qg5+ 39. Kh2 Qf4+ 40. Kh1 Qc1+ 41. Kh2 Qf4+ 42. Kh1 Qc1+ 43. Kh2 Qf4+ 1/2-1/2


[Site "https://www.chess.com"]

[Event "Titled Tuesday Blitz June 21 Early 2022"]
[White "Artemenko, Oleg"]
[Black "Daeschler, Florian"]
[WhiteFideId "14201798"]
[BlackFideId "20678193"]
[WhiteElo "2287"]
[BlackElo "2221"]
[Result "1-0"]
[Round "05"]
[TimeControl "180+1"]
[Date "2022.06.22"]
[WhiteClock "0:00:15"]
[BlackClock "0:00:02"]

1. e4 c5 2. Nf3 d6 3. d4 cxd4 4. Nxd4 Nf6 5. Nc3 Nc6 6. f3 e5 7. Nb3 Be7 8. Bg5 O-O 9. Qd2 a5 10. Bb5 Be6 11. Bxf6 Bxf6 12. Rd1 Qb6 13. Qf2 Qxf2+ 14. Kxf2 Rfd8 15. a3 Na7 16. Be2 Nc8 17. Nd5 Bxd5 18. Rxd5 a4 19. Nd2 Ne7 20. Rd3 d5 21. exd5 Nxd5 22. g3 Be7 23. Rd1 Bc5+ 24. Ke1 Ne3 25. Rb1 Nxc2+ 26. Kd1 Nd4 27. Rc1 b6 28. Ne4 Rac8 29. Rcc3 Be7 30. Rxc8 Rxc8 31. Rc3 Rd8 32. Ke1 f5 33. Nd2 Bc5 34. Nc4 Re8 35. Ne3 Kf7 36. Bc4+ Kg6 37. Nd5 e4 38. fxe4 Rxe4+ 39. Kf1 Re5 40. Nf4+ Kf6 41. h4 g6 42. Rd3 h6 43. Nd5+ Kg7 44. Nc3 g5 45. hxg5 hxg5 46. Nxa4 f4 47. b4 b5 48. bxc5 Re4 49. Bd5 bxa4 50. Bxe4 1-0


[Site "https://www.chess.com"]

[Event "Titled Tuesday Blitz June 21 Early 2022"]
[White "Avazkhonov, Alikhon"]
[Black "Polster, Christian"]
[WhiteFideId "14208504"]
[BlackFideId "12965081"]
[WhiteElo "1739"]
[BlackElo "2267"]
[Result "1-0"]
[Round "05"]
[TimeControl "180+1"]
[Date "2022.06.22"]
[WhiteClock "0:02:16"]
[BlackClock "0:01:42"]

1. d4 d5 2. c4 e6 3. Nc3 c6 4. e4 dxe4 5. Nxe4 Bb4+ 6. Bd2 Qxd4 7. Bxb4 Qxe4+ 8. Be2 Na6 9. Bd6 e5 10. Nf3 f6 11. O-O c5 12. Re1 Qc6 13. Nxe5 fxe5 14. Bh5+ g6 15. Bf3 Qd7 16. Bxe5 Qxd1 17. Raxd1 1-0


[Site "https://www.chess.com"]

[Event "Titled Tuesday Blitz June 21 Early 2022"]
[White "Bachmann, Axel"]
[Black "Tologon tegin, Semetei"]
[WhiteFideId "3700488"]
[BlackFideId "13800574"]
[WhiteElo "2587"]
[BlackElo "2174"]
[Result "1-0"]
[Round "05"]
[TimeControl "180+1"]
[Date "2022.06.21"]
[WhiteClock "0:01:49"]
[BlackClock "0:02:17"]

1. e4 c6 2. d4 d5 3. e5 Bf5 4. Nd2 e6 5. Nb3 Nd7 6. Nf3 Ne7 7. a4 a6 8. a5 c5 9. dxc5 Nc6 10. Be3 Nxa5 11. Nxa5 Nxc5 12. Bxc5 Bxc5 13. Nxb7 Bb4+ 14. c3 Qb6 15. Qa4+ 1-0


[Site "https://www.chess.com"]

[Event "Titled Tuesday Blitz June 21 Early 2022"]
[White "Bethke, Richard"]
[Black "Halkias, Stelios"]
[WhiteFideId "12959243"]
[BlackFideId "4201809"]
[WhiteElo "2512"]
[BlackElo "2453"]
[Result "0-1"]
[Round "05"]
[TimeControl "180+1"]
[Date "2022.06.22"]
[WhiteClock "0:00:55"]
[BlackClock "0:00:39"]

1. e4 c5 2. Nf3 d6 3. d4 cxd4 4. Nxd4 Nf6 5. Nc3 a6 6. Be3 e5 7. Nf3 Be7 8. Bc4 Be6 9. Bb3 Nc6 10. O-O O-O 11. Qe2 Na5 12. Rfd1 Qc8 13. Bg5 Nc4 14. Bxf6 Bxf6 15. Nd5 Bxd5 16. Rxd5 b5 17. Bxc4 bxc4 18. Rxd6 Rb8 19. b3 cxb3 20. axb3 Rb4 21. Raxa6 Qb7 22. Nd2 Rc8 23. c4 Bg5 24. g3 Be7 25. c5 Bxd6 26. cxd6 Rd4 27. Ra5 h6 28. Rxe5 Rc1+ 29. Kg2 Rc2 30. Qf3 Rdxd2 31. Re8+ Kh7 32. Qf5+ g6 33. Qe5 Rxf2+ 34. Kh3 Qd7+ 35. g4 Rf3+ 36. Kh4 g5+ 0-1


[Site "https://www.chess.com"]

[Event "Titled Tuesday Blitz June 21 Early 2022"]
[White "Bluebaum, Matthias"]
[Black "So, Wesley"]
[WhiteFideId "24651516"]
[BlackFideId "5202213"]
[WhiteElo "2556"]
[BlackElo "2742"]
[Result "1/2-1/2"]
[Round "05"]
[TimeControl "180+1"]
[Date "2022.06.21"]
[WhiteClock "0:00:53"]
[BlackClock "0:00:28"]

1. d4 Nf6 2. c4 e6 3. Nc3 Bb4 4. e3 O-O 5. Bd2 d5 6. Nf3 b6 7. cxd5 exd5 8. Rc1 Re8 9. Ne5 Bd6 10. f4 c5 11. Bb5 Nbd7 12. O-O Bb7 13. Qf3 a6 14. Bd3 b5 15. Qh3 Nf8 16. Be1 b4 17. Ne2 cxd4 18. Nxd4 Ng6 19. Bh4 Nxh4 20. Qxh4 Ne4 21. Qxd8 Raxd8 22. Bxe4 dxe4 23. Nec6 Rd7 24. Rfd1 Bf8 25. b3 g6 26. Rc4 Bxc6 27. Rxc6 Bg7 28. Rxa6 Red8 29. Kf2 f5 30. Rb6 Bxd4 31. Rxd4 Rxd4 32. exd4 Rxd4 33. Ke3 Rd3+ 34. Ke2 Rc3 35. Kd2 Rd3+ 36. Ke2 Rc3 37. Kd2 Rd3+ 38. Ke2 1/2-1/2


[Site "https://www.chess.com"]

[Event "Titled Tuesday Blitz June 21 Early 2022"]
[White "Bortnyk, Mykola"]
[Black "Papasimakopoulos, Alexandros"]
[WhiteFideId "14120836"]
[BlackFideId "4244125"]
[WhiteElo "2582"]
[BlackElo "2340"]
[Result "1-0"]
[Round "05"]
[TimeControl "180+1"]
[Date "2022.06.21"]
[WhiteClock "0:00:16"]
[BlackClock "0:00:08"]

1. e4 e6 2. d4 d5 3. Nc3 Bb4 4. Bd3 dxe4 5. Bxe4 Nf6 6. Bf3 Nc6 7. Ne2 e5 8. Bxc6+ bxc6 9. O-O e4 10. Ng3 Bxc3 11. bxc3 O-O 12. Re1 h6 13. Nxe4 Nxe4 14. Rxe4 Bf5 15. Re5 Bg6 16. Qf3 Qd7 17. Ba3 Rfe8 18. Rae1 Rxe5 19. Rxe5 Re8 20. Bc5 Rxe5 21. dxe5 a6 22. Bd4 Bxc2 23. Qe2 Bg6 24. Qxa6 c5 25. Bxc5 Qd1+ 26. Qf1 Qc2 27. Qa1 Be4 28. a4 Bc6 29. a5 Qe4 30. f3 Qxe5 31. Bd4 Qd5 32. a6 f6 33. a7 Ba8 34. Qa3 Kh7 35. Qe7 Qc6 36. h4 h5 37. Kf2 Qd6 38. Qe8 Qd5 39. Qe7 Qd6 40. Qf7 Qd5 41. Qxc7 Qa2+ 42. Kg3 Qa1 43. Bxf6 Qe1+ 44. Kh2 Kg6 45. Qxg7+ Kf5 46. Qg5+ Ke6 47. Bd4 Bxf3 48. Qf6+ Kd5 49. Qxf3+ Kc4 50. a8=Q Qxh4+ 51. Qh3 Qf4+ 52. g3 h4 53. gxf4 1-0


[Site "https://www.chess.com"]

[Event "Titled Tuesday Blitz June 21 Early 2022"]
[White "Bortnyk, Olexandr"]
[Black "Tisaj, Domen"]
[WhiteFideId "14120828"]
[BlackFideId "14628708"]
[WhiteElo "2723"]
[BlackElo "2326"]
[Result "1-0"]
[Round "05"]
[TimeControl "180+1"]
[Date "2022.06.21"]
[WhiteClock "0:01:09"]
[BlackClock "0:00:58"]

1. d4 d5 2. Nc3 Nf6 3. Bf4 c5 4. e4 dxe4 5. dxc5 Qxd1+ 6. Rxd1 e5 7. Bxe5 Bxc5 8. Bxf6 gxf6 9. Nxe4 Be7 10. Nd6+ Bxd6 11. Rxd6 Be6 12. Nf3 Ke7 13. Rd2 a5 14. a3 Rg8 15. g3 Nc6 16. Bb5 Rad8 17. Rxd8 Rxd8 18. O-O Nd4 19. Nxd4 Rxd4 20. Bd3 h6 21. Re1 Kd6 22. f4 Rd5 23. Kf2 b5 24. b4 axb4 25. axb4 Rd4 26. Re4 Rd5 27. Ke3 Kc7 28. Rd4 Rh5 29. h4 Bg4 30. f5 Bxf5 31. Be2 1-0


[Site "https://www.chess.com"]

[Event "Titled Tuesday Blitz June 21 Early 2022"]
[White "Bryakin, Mikhail"]
[Black "Fedoseev, Vladimir"]
[WhiteFideId "4165314"]
[BlackFideId "24130737"]
[WhiteElo "2417"]
[BlackElo "2726"]
[Result "0-1"]
[Round "05"]
[TimeControl "180+1"]
[Date "2022.06.21"]
[WhiteClock "0:01:21"]
[BlackClock "0:01:33"]

1. e4 c5 2. Nf3 d6 3. Bb5+ Nd7 4. c3 Nf6 5. Qe2 a6 6. Ba4 b5 7. Bc2 e5 8. d4 Bb7 9. d5 c4 10. O-O Be7 11. Nbd2 O-O 12. Re1 Rc8 13. Nf1 Nc5 14. Ng3 g6 15. Bh6 Re8 16. h3 Bf8 17. Bxf8 Kxf8 18. Nh2 Ng8 19. Ng4 h5 20. Ne3 Qg5 21. Ngf1 Nf6 22. Nd2 Kg7 23. b4 cxb3 24. axb3 h4 25. b4 Ncd7 26. Ra3 Nh5 27. Qg4 Qxg4 28. hxg4 Nf4 29. g3 hxg3 30. fxg3 Nh3+ 31. Kg2 Ng5 32. Nf3 Nxf3 33. Kxf3 Nb6 34. g5 Rh8 35. Bd1 Rh5 36. g4 Rh3+ 37. Kg2 Rxe3 38. Rxe3 Nc4 0-1


[Site "https://www.chess.com"]

[Event "Titled Tuesday Blitz June 21 Early 2022"]
[White "Buscar, Michael"]
[Black "Tanaka, Taira Tyler"]
[WhiteFideId "2603616"]
[BlackFideId "7002351"]
[WhiteElo "2010"]
[BlackElo "2554"]
[Result "0-1"]
[Round "05"]
[TimeControl "180+1"]
[Date "2022.06.22"]
[WhiteClock "0:00:04"]
[BlackClock "0:00:20"]

1. d4 Nf6 2. Nf3 d5 3. g3 Bg4 4. Bg2 e6 5. O-O Nbd7 6. c4 c6 7. b3 Bd6 8. Bb2 O-O 9. Nbd2 h6 10. Ne5 Bf5 11. Re1 Qc7 12. Nxd7 Qxd7 13. e4 dxe4 14. Nxe4 Nxe4 15. Bxe4 Bxe4 16. Rxe4 Be7 17. Qe2 Bf6 18. Rd1 Rfd8 19. Re3 a5 20. a3 b5 21. Red3 bxc4 22. bxc4 Rab8 23. Bc3 Qc7 24. Qd2 Ra8 25. Kg2 a4 26. Bb4 Rd7 27. d5 cxd5 28. cxd5 Qb7 29. Kg1 Rad8 30. d6 e5 31. Qc2 Qa6 32. Rd5 Rc8 33. Qf5 Rcd8 34. Rc1 Qb7 35. Rxe5 Bxe5 36. Qxe5 Qf3 37. Bc3 f6 38. Qe6+ Kh7 39. Bb4 Qh5 40. Rc7 Qb5 41. Rxd7 Rxd7 42. h4 h5 43. Qe4+ Kg8 44. Qe8+ Kh7 45. Kh2 Rb7 46. Qe4+ Kg8 47. Qe6+ Kh7 48. Qe4+ f5 49. Qe6 Qd7 50. Qe5 Qf7 51. Qf4 Rb5 52. Bc3 Rd5 53. Bb4 Rd3 54. Kg2 Qd5+ 55. Kh2 Rd1 56. f3 Qa2+ 57. Kh3 Rh1# 0-1


[Site "https://www.chess.com"]

[Event "Titled Tuesday Blitz June 21 Early 2022"]
[White "Cherniaiev, Tykhon"]
[Black "Svane, Rasmus"]
[WhiteFideId "14182360"]
[BlackFideId "4657101"]
[WhiteElo "2289"]
[BlackElo "2674"]
[Result "1-0"]
[Round "05"]
[TimeControl "180+1"]
[Date "2022.06.21"]
[WhiteClock "0:00:04"]
[BlackClock "0:00:02"]

1. Nf3 d5 2. d4 Nf6 3. c4 e6 4. g3 Bb4+ 5. Bd2 Be7 6. Qc2 O-O 7. Bg2 c6 8. O-O a5 9. b3 Nbd7 10. Nc3 b6 11. e4 Ba6 12. Rfc1 dxc4 13. bxc4 Bxc4 14. e5 Nd5 15. Ne4 b5 16. Nfg5 h6 17. Nh3 Qb6 18. Rd1 c5 19. dxc5 Nxc5 20. Nf4 Rac8 21. Nd6 Bxd6 22. exd6 Qxd6 23. Bxa5 Qa6 24. Nxd5 exd5 25. Bb4 Rfd8 26. Qc3 Qg6 27. Bxc5 Rxc5 28. a4 bxa4 29. Rxa4 Rb8 30. Qd4 Rcb5 31. Be4 Qh5 32. Rxc4 dxe4 33. Re1 f5 34. Rc7 Qg6 35. Rec1 Kh7 36. R1c6 Rb1+ 37. Rc1 Qg5 38. Qd1 Rxc1 39. Qxc1 Qg4 40. Rd7 Rb3 41. Qd1 Rf3 42. Kg2 f4 43. h3 Qf5 44. Qd4 Qg6 45. Rd6 Rxg3+ 46. fxg3 Qxg3+ 47. Kf1 Qxh3+ 48. Kg1 Qg3+ 49. Kf1 Qf3+ 50. Kg1 Qg4+ 51. Kf1 f3 52. Qf2 Qh3+ 53. Ke1 Qh1+ 54. Kd2 Qa1 55. Rd4 Qb2+ 56. Ke3 Qc3+ 57. Kxe4 Qc6+ 58. Ke3 Qc3+ 59. Rd3 Qe5+ 60. Kxf3 Qf5+ 61. Ke2 Qe4+ 62. Qe3 Qg2+ 63. Kd1 Qf1+ 64. Kc2 Qf5 65. Qd4 h5 66. Qd5 Qg6 67. Kb2 Qf6+ 68. Qd4 Qg6 69. Re3 Qf5 70. Qe4 Kg6 71. Rg3+ Kf6 72. Rf3 Qxf3 73. Qxf3+ Kg5 74. Kc3 1-0


[Site "https://www.chess.com"]

[Event "Titled Tuesday Blitz June 21 Early 2022"]
[White "Chigaev, Maksim"]
[Black "Tregubov, Pavel V."]
[WhiteFideId "4108116"]
[BlackFideId "4115341"]
[WhiteElo "2457"]
[BlackElo "2341"]
[Result "1-0"]
[Round "05"]
[TimeControl "180+1"]
[Date "2022.06.21"]
[WhiteClock "0:00:05"]
[BlackClock "0:00:01"]

1. e4 c5 2. b3 Nc6 3. Bb2 d6 4. Bb5 Bd7 5. f4 a6 6. Bxc6 Bxc6 7. d3 Nf6 8. Nf3 e6 9. Qe2 Be7 10. Nbd2 b5 11. O-O O-O 12. c4 a5 13. a4 bxa4 14. bxa4 Qd7 15. Qd1 Rfb8 16. Bc3 Qd8 17. Qc2 d5 18. Kh1 d4 19. Ne5 Be8 20. Bb2 Rb4 21. Ba3 Rb7 22. Rab1 Rab8 23. Rb5 Bd6 24. Ndf3 Bxb5 25. cxb5 Rc7 26. Qc4 Qc8 27. Bc1 Nd7 28. Bd2 Nxe5 29. fxe5 Be7 30. Bxa5 Ra7 31. Bd2 Qd7 32. h3 Rc8 33. a5 Qb7 34. Rb1 Rca8 35. b6 Rxa5 36. Bxa5 Rxa5 37. Nd2 h6 38. Qc2 Ra3 39. Nc4 Rc3 40. Qd1 Bg5 41. Kh2 Bf4+ 42. g3 Bg5 43. h4 Bd8 44. Rb3 1-0


[Site "https://www.chess.com"]

[Event "Titled Tuesday Blitz June 21 Early 2022"]
[White "Clasby, Derek"]
[Black "Bharath Subramaniyam H"]
[WhiteFideId "30932300"]
[BlackFideId "46634827"]
[WhiteElo "2013"]
[BlackElo "2242"]
[Result "0-1"]
[Round "05"]
[TimeControl "180+1"]
[Date "2022.06.21"]
[WhiteClock "0:00:02"]
[BlackClock "0:01:04"]

1. e4 c5 2. Nf3 e6 3. g3 Nc6 4. Bg2 Nf6 5. Nc3 d5 6. exd5 exd5 7. O-O d4 8. Na4 Be7 9. c4 O-O 10. d3 a6 11. Ng5 Bd7 12. b4 Nxb4 13. a3 Nxd3 14. Qxd3 Bxa4 15. Rb1 h6 16. Ne4 Nd7 17. Bf4 Bc6 18. Rfe1 g5 19. Nd6 gxf4 20. Bxc6 Bxd6 21. Bd5 Qf6 22. Rxb7 Ne5 23. Qe4 Rae8 24. Kf1 fxg3 25. hxg3 Kh8 26. f4 Rd8 27. Kg2 Ng4 28. Rh1 Ne3+ 29. Kf3 Kg7 30. Rh5 Rb8 31. Rd7 Rbd8 32. Rb7 Qg6 33. Bxf7 Qxe4+ 34. Kxe4 Rxf7 0-1


[Site "https://www.chess.com"]

[Event "Titled Tuesday Blitz June 21 Early 2022"]
[White "Costachi, Mihnea"]
[Black "Xiong, Jeffery"]
[WhiteFideId "1217518"]
[BlackFideId "2047640"]
[WhiteElo "2476"]
[BlackElo "2714"]
[Result "0-1"]
[Round "05"]
[TimeControl "180+1"]
[Date "2022.06.21"]
[WhiteClock "0:00:47"]
[BlackClock "0:01:49"]

1. d4 d5 2. c4 e6 3. Nc3 Nf6 4. Bg5 Be7 5. e3 O-O 6. cxd5 exd5 7. Bd3 c6 8. Qc2 h6 9. Bh4 a5 10. Nf3 Na6 11. a3 Nc7 12. O-O Nce8 13. Ne5 Nd6 14. f4 Ng4 15. Bxe7 Qxe7 16. Qe2 Nf6 17. f5 Re8 18. Kh1 Nd7 19. Ng4 Nf6 20. Ne5 Nd7 21. Ng4 Qg5 22. Rae1 Nf6 23. Ne5 Bxf5 24. Bxf5 Nxf5 25. Rf4 Nxd4 26. Rxd4 Rxe5 27. Qf3 Rae8 28. Nd1 Rf5 29. Qe2 Re4 30. Rf1 Qg4 31. Qe1 Rxf1+ 32. Qxf1 Rxd4 33. exd4 Qxd4 34. Nc3 Ne4 35. Nxe4 dxe4 36. h3 e3 37. Qf5 g6 38. Qc8+ Kg7 39. Qe8 Qd1+ 40. Kh2 Qd6+ 41. Kh1 Qe6 42. Qxe6 fxe6 43. Kg1 Kf6 44. Kf1 e5 45. Ke2 e4 46. Kxe3 Ke5 47. b4 axb4 48. axb4 b6 49. g3 c5 50. bxc5 bxc5 0-1


[Site "https://www.chess.com"]